 Dungeon Crawl Stone Soup version 0.21.1-1-g345015fe64 (webtiles) character file.

29902 Kohma the Brawler (level 13, -1/157 HPs)
             Began as a Troll Berserker on June 20, 2018.
             Was an Elder of Trog.
             Slain by a chaos spawn (8 damage)
             ... on level 4 of the Abyss.
             The game lasted 00:52:50 (13109 turns).

Kohma the Brawler (Troll Berserker)                Turns: 13109, Time: 00:52:51

Health: -1/157     AC:  9    Str: 33      XL:     13   Next: 17%
Magic:  12/12      EV: 16    Int:  1 (3)  God:    Trog [****..]
Gold:   1881       SH:  0    Dex: 13      Spells: 12/12 levels left

rFire    + . .     SeeInvis .     - Unarmed
rCold    + . .     Gourm    +   (no shield)
rNeg     + . .     Faith    .   O - +2 robe {rN+}
rPois    .         Spirit   .   (helmet restricted)
rElec    .         Reflect  .   I - scarf {rC+ rF+}
rCorr    .         Harm     .   (gloves unavailable)
MR       .....     Rnd*Tele +   (boots unavailable)
Stlth    ..........             (no amulet)
HPRegen  0.76/turn              s - +3 ring of evasion
MPRegen  0.13/turn              y - +3 ring of protection

@: berserking, lethally poisoned (-1 -> -2), very quick
A: large, unfitting armour, claws 3, [deformed body], deterioration 1, fast
metabolism 3, [frail 2], gourmand, regeneration 1, shaggy fur 1, [teleportitis
2], tough skin 2
a: Berserk, Trog's Hand, Brothers in Arms, Burn Spellbooks, Renounce Religion


You were on level 4 of the Abyss.
You worshipped Trog.
Trog was greatly pleased with you.
You were not hungry.

You visited 5 branches of the dungeon, and saw 17 of its levels.
You visited the Abyss 1 time.
You also visited: Sewer and Bailey.

You collected 2340 gold pieces.
You spent 459 gold pieces at shops.

Inventory:

Hand Weapons
 o - a +6 antimagic giant club
Missiles
 z - 4 tomahawks of dispersal
 B - 10 large rocks (quivered)
 G - 8 poisoned needles
 L - 9 poisoned tomahawks
 P - 4 throwing nets
Armour
 a - a +1 animal skin
 j - a +2 cloak
 w - the +8 large shield "Ataboh" {rN+, unknown}
   (You acquired it on level 4 of the Abyss)

   It protects you from negative energy.
 I - a scarf of resistance (worn)
 O - a +2 robe of positive energy (worn)
Jewellery
 s - a +3 ring of evasion (left claw)
 y - a +3 ring of protection (right claw)
 K - an uncursed ring of protection from cold
Wands
 h - a wand of polymorph (20)
 k - a wand of acid (11)
 v - a wand of flame (16)
 A - a wand of paralysis (12)
 C - a wand of clouds (6)
 D - a wand of random effects (25)
 N - a wand of digging (14)
Scrolls
 c - 5 scrolls of fog
 d - 8 scrolls of enchant armour
 e - 3 scrolls of identify
 f - 6 scrolls of teleportation
 g - 4 scrolls of remove curse
 i - 2 scrolls of fear
 n - a scroll of magic mapping
 p - 2 scrolls of enchant weapon
Potions
 b - a potion of flight
 l - 4 potions of might
 m - 4 potions of haste
 q - 8 potions of curing
 r - 2 potions of brilliance
 t - 2 potions of invisibility
 u - 2 potions of magic
 E - a potion of cancellation
 H - a potion of agility
 M - a potion of ambrosia
Comestibles
 x - 17 rations


   Skills:
 + Level 9.7 Fighting
 - Level 8.6 Throwing
 + Level 7.1 Dodging
 * Level 15.1 Unarmed Combat
 + Level 0.4 Evocations


You had 12 spell levels left.
You didn't know any spells.

Dungeon Overview and Level Annotations

Branches:
Dungeon (12/15)            Temple (1/1) D:6            Lair (1/6) D:9
    Orc (2/2) D:10            Elf (1/3) Orc:2

Altars:
Ashenzari
Cheibriados
Dithmenos
Elyvilon
Fedhas
Gozag
Hepliaklqana
Kikubaaqudgha
Makhleb
Nemelex Xobeh
Okawaru
Qazlal
Ru
Sif Muna
Trog
Uskayaw
Vehumet
Wu Jian
Xom
Yredelemnul
Zin
The Shining One

Shops:
D:8 }   Orc:1 (   Orc:2 :?[!

Portals:
Pandemonium: Orc:2

Annotations:
D:12 Frances


Innate Abilities, Weirdness & Mutations

You are too large for most types of armour.
You have claws for hands.
Your metabolism is lightning-fast.
You like to eat raw meat.
Your natural rate of healing is unusually fast.
You are covered in fur. (AC +1)
You have very tough skin. (AC +2)
Your body sometimes deteriorates upon taking damage.
[Armour fits poorly on your strangely shaped body.]
[You are very frail. (-20% HP)]
[You are sometimes teleported next to monsters.]


Message History

You feel sick. The neqoxec barely misses you.
You miss the chaos spawn. The chaos spawn barely misses you.
You closely miss the neqoxec.
The neqoxec is moderately wounded.
You feel sick. The neqoxec gestures at you.
Something tries to feed on your intellect!
You mangle the neqoxec!!
The neqoxec is almost dead.
The chaos spawn misses you.
You mangle the neqoxec!!
You kill the neqoxec!
Trog accepts your kill.
You barely miss the chaos spawn.
You feel sick. The chaos spawn closely misses you.
You completely miss the chaos spawn. You closely miss the chaos spawn.
The chaos spawn hits you!
* * * LOW HITPOINT WARNING * * *
The chaos spawn shocks you!
You die...

. #..#.. #..
#... .. . ...
#..# ....#
#..#
#...##..#
#.......#
#.......##
..........#
.(.. #..@##
.....#..4#
......#.....
##. #........
...
...........
..
.#..........
..#..........
#.
##..#.....#


You could see a chaos spawn.

Vanquished Creatures
  A stone giant (Orc:2)
  Josephine (Orc:2)
  The ghost of mezla the Basher, a journeyman TrFi of Elyvilon (Orc:1)
  The ghost of lycn the Cleaver, a journeyman MiBe of Trog (Orc:1)
  Erolcha (Orc:1)
  3 two-headed ogres
  3 orc high priests (Orc:2)
  2 infernal demonspawn (Orc:2)
  A deep elf archer (Elf:1)
  2 deep elf magi (Elf:1)
  2 orc knights (Orc:2)
  2 ugly things (D:11)
  5 orc sorcerers
  A spiny frog (Lair:1)
  The ghost of P0WERM0DE the Reanimator, a novice OpNe (D:5)
  A red devil (Orc:2)
  An ancient zyme (Abyss:3)
  A troll (Orc:2)
  4 blink frogs
  6 hippogriffs
  Sigmund (D:3)
  An air elemental (Elf:1)
  5 wraiths
  A neqoxec (Abyss:4)
  2 hungry ghosts
  A water moccasin (D:9)
  3 sky beasts
  3 phantoms
  14 orc warriors
  A black bear (D:10)
  An eye of draining (D:9)
  3 ice beasts
  3 centaurs
  7 ogres
  2 big kobolds
  2 small abominations (Abyss:3)
  8 bullfrogs
  8 gnoll sergeants (Bailey)
  A scorpion (D:6)
  4 killer bees (D:11)
  2 howler monkeys (D:9)
  A centaur zombie (D:11)
  5 crimson imps
  3 bullfrog zombies
  6 gnoll shamans (Bailey)
  3 centaur skeletons
  2 jellies
  22 orc priests
  8 hounds
  3 bullfrog skeletons
  An iguana (D:10)
  Terence (D:2)
  Natasha (D:2)
  22 orc wizards
  4 worker ants
  3 hound skeletons
  17 gnolls
  14 adders
  8 river rats (Sewer)
  4 shadow imps
  2 oozes
  An adder skeleton (D:4)
  2 worms (D:2)
  4 dart slugs
  9 leopard geckos
  66 orcs
  10 ball pythons
  7 bats
  7 giant cockroaches
  5 hobgoblins
  5 jackals
  7 quokkas
  5 frilled lizards
  11 goblins
  15 kobolds
  31 rats
428 creatures vanquished.

Vanquished Creatures (collateral kills)
  A thrashing horror (Abyss:3)
  2 orc high priests (Orc:2)
  2 soul eaters (Orc:2)
  3 orc knights (Orc:2)
  An orc sorcerer (Orc:2)
  2 rust devils (Orc:2)
  An ancient zyme (Abyss:3)
  A red devil (Orc:2)
  A meliai zombie (D:7)
  2 wraiths (Orc:2)
  A large abomination (Abyss:3)
  13 orc warriors (Orc:2)
  An ice beast (Abyss:3)
  6 orc priests (Orc:2)
  An orc wizard (Orc:2)
  13 orcs
51 creatures vanquished.

Grand Total: 479 creatures vanquished

Notes
Turn   | Place    | Note
-------+----------+-------------------------------------------
     0 | D:1      | Kohma the Troll Berserker began the quest for the Orb.
     0 | D:1      | Reached XP level 1. HP: 22/22 MP: 0/0
   143 | D:1      | Reached XP level 2. HP: 29/29 MP: 1/1
   427 | D:1      | Reached ** piety under Trog
   641 | D:2      | Reached XP level 3. HP: 36/36 MP: 2/2
   849 | D:2      | Found a faded altar of an unknown god.
   947 | D:2      | Reached skill level 4 in Unarmed Combat
  1002 | D:2      | Noticed Natasha
  1009 | D:2      | Killed Natasha
  1009 | D:2      | Reached XP level 4. HP: 32/45 MP: 3/3
  1012 | D:2      | Noticed Terence
  1020 | D:2      | Killed Terence
  1117 | D:2      | Found an iron altar of Okawaru.
  1281 | D:2      | Reached XP level 5. HP: 48/53 MP: 4/4
  1459 | D:2      | Found a bloodstained altar of Trog.
  1575 | D:2      | Reached *** piety under Trog
  1621 | D:3      | Noticed Sigmund
  1656 | D:3      | Killed Sigmund
  1656 | D:3      | Reached skill level 5 in Unarmed Combat
  1656 | D:3      | Reached XP level 6. HP: 51/61 MP: 5/5
  2139 | D:4      | Found a blossoming altar of Fedhas.
  2144 | D:4      | Reached **** piety under Trog
  2144 | D:4      | Reached skill level 6 in Unarmed Combat
  2144 | D:4      | Reached XP level 7. HP: 23/70 MP: 6/6
  2301 | D:4      | Found a glowing drain.
  2329 | Sewer    | Entered a sewer
  2552 | Sewer    | Reached ***** piety under Trog
  2648 | Sewer    | Reached skill level 7 in Unarmed Combat
  3135 | D:5      | Entered Level 5 of the Dungeon
  3162 | D:5      | Found a radiant altar of Vehumet.
  3175 | D:5      | Noticed a hippogriff
  3183 | D:5      | Killed a hippogriff
  3183 | D:5      | Reached XP level 8. HP: 57/79 MP: 7/7
  3243 | D:5      | Found a stormy altar of Qazlal.
  3304 | D:5      | Found a shadowy altar of Dithmenos.
  3316 | D:5      | Noticed P0WERM0DE's ghost (novice OpNe)
  3320 | D:5      | Killed P0WERM0DE's ghost
  3320 | D:5      | Reached skill level 5 in Fighting
  3320 | D:5      | Reached skill level 5 in Dodging
  3320 | D:5      | Reached skill level 8 in Unarmed Combat
  3337 | D:5      | Received a gift from Trog
  3587 | D:5      | Found a shattered altar of Ashenzari.
  4019 | D:6      | Found a sacrificial altar of Ru.
  4036 | D:6      | Reached XP level 9. HP: 68/88 MP: 8/8
  4095 | D:6      | Reached skill level 1 in Throwing
  4095 | D:6      | Reached skill level 9 in Unarmed Combat
  4239 | D:6      | Found a staircase to the Ecumenical Temple.
  4251 | Temple   | Entered the Ecumenical Temple
  4927 | D:7      | Found a sparkling altar of Nemelex Xobeh.
  5665 | D:8      | Identified a scroll of acquirement
  6064 | D:8      | Found a basalt altar of Yredelemnul.
  6117 | D:8      | Found Adoidun's Gadget Boutique.
  6361 | D:9      | Found a staircase to the Lair.
  6430 | D:9      | Reached skill level 10 in Unarmed Combat
  6460 | D:9      | Noticed a two-headed ogre
  6473 | D:9      | Killed a two-headed ogre
  6473 | D:9      | Reached XP level 10. HP: 26/100 MP: 4/9
  6575 | D:9      | Received a gift from Trog
  6595 | D:9      | Found a flagged portal.
  6608 | Bailey   | Entered a bailey
  7385 | D:9      | Found a hide-covered altar of Uskayaw.
  7563 | D:10     | Entered Level 10 of the Dungeon
  7719 | D:10     | Reached skill level 11 in Unarmed Combat
  7833 | D:10     | Found a staircase to the Orcish Mines.
  7949 | D:10     | Noticed a two-headed ogre
  7959 | D:10     | Killed a two-headed ogre
  8295 | D:11     | Received a gift from Trog
  8459 | D:11     | Reached ****** piety under Trog
  8470 | D:11     | Noticed a two-headed ogre
  8479 | D:11     | Killed a two-headed ogre
  8479 | D:11     | Reached skill level 5 in Throwing
  8479 | D:11     | Reached XP level 11. HP: 65/109 MP: 10/10
  8592 | D:11     | Noticed a white ugly thing
  8593 | D:11     | Noticed a green ugly thing
  8609 | D:11     | Killed a purple ugly thing
  8613 | D:11     | Killed a purple ugly thing
  8728 | D:11     | Reached skill level 12 in Unarmed Combat
  8806 | D:11     | Received a gift from Trog
  9080 | D:12     | Noticed Frances
  9203 | Orc:1    | Entered Level 1 of the Orcish Mines
  9677 | Orc:1    | Received a gift from Trog
  9807 | Orc:1    | Noticed mezla's ghost (journeyman TrFi)
  9809 | Orc:1    | Noticed lycn's ghost (journeyman MiBe)
  9827 | Orc:1    | Killed mezla's ghost
  9837 | Orc:1    | Killed lycn's ghost
  9897 | Orc:1    | Found Zuc Weogh's Antique Weapon Boutique.
 10076 | Orc:2    | Entered Level 2 of the Orcish Mines
 10076 | Orc:2    | Noticed Erolcha
 10087 | Orc:1    | Killed Erolcha
 10087 | Orc:1    | Reached skill level 13 in Unarmed Combat
 10287 | Orc:2    | Found Lyvoywan's Magic Scroll Shoppe.
 10288 | Orc:2    | Noticed an orc knight
 10306 | Orc:2    | Killed an orc knight
 10311 | Orc:2    | Found Mehumak's Distillery.
 10326 | Orc:2    | Noticed a soul eater
 10333 | Orc:2    | HP: 2/113 [soul eater/drain life (11)]
 10334 | Orc:2    | Killed a soul eater
 10334 | Orc:2    | Reached XP level 12. HP: 2/122 MP: 11/11
 10561 | Orc:2    | Noticed an orc high priest
 10561 | Orc:2    | Noticed an orc high priest
 10566 | Orc:2    | Killed an orc high priest
 10568 | Orc:2    | Killed an orc high priest
 10598 | Orc:2    | Received a gift from Trog
 10666 | Orc:2    | Noticed an orc high priest
 10905 | Orc:2    | Killed an orc high priest
 10905 | Orc:2    | Reached skill level 14 in Unarmed Combat
 11128 | Orc:2    | Bought a scroll of identify for 24 gold pieces
 11128 | Orc:2    | Bought a scroll of identify for 24 gold pieces
 11128 | Orc:2    | Bought a scroll of teleportation for 36 gold pieces
 11130 | Orc:2    | Bought a potion of haste for 150 gold pieces
 11130 | Orc:2    | Bought a potion of haste for 150 gold pieces
 11130 | Orc:2    | Bought a potion of heal wounds for 75 gold pieces
 11172 | Orc:2    | Noticed an orc high priest
 11177 | Orc:2    | Killed an orc high priest
 11190 | Orc:2    | Noticed an orc high priest
 11194 | Orc:2    | Killed an orc high priest
 11195 | Orc:2    | Found Kieng's Book Shop.
 11195 | Orc:2    | Found Pissy's Antique Armour Boutique.
 11195 | Orc:2    | Found a one-way gate leading to the halls of Pandemonium.
 11273 | Orc:2    | Noticed Josephine
 11280 | Orc:2    | Killed Josephine
 11836 | Orc:2    | Found a staircase to the Elven Halls.
 11847 | Orc:2    | Noticed a stone giant
 11854 | Orc:2    | Killed a stone giant
 12233 | Elf:1    | Entered Level 1 of the Elven Halls
 12271 | Elf:1    | Reached XP level 13. HP: 46/131 MP: 12/12
 12289 | Elf:1    | HP: 14/294 [burnt (3)]
 12563 | Lair:1   | Entered Level 1 of the Lair of Beasts
 12569 | Lair:1   | Reached skill level 15 in Unarmed Combat
 12915 | D:11     | Cast into level 3 of the Abyss (a distortion unwield)
 12984 | Abyss:3  | Noticed a deep elf sorcerer
 13044 | Abyss:3  | Found a corrupted altar of Lugonu.
 13078 | Abyss:4  | Got a jewelled large shield
 13096 | Abyss:4  | Gained mutation: Your body sometimes deteriorates upon taking damage. [a neqoxec]
 13100 | Abyss:4  | Paralysed by a chaos spawn for 2 turns
 13109 | Abyss:4  | HP: 7/157 [chaos spawn (7)]
 13109 | Abyss:4  | Slain by a chaos spawn

Skill      XL: |  1  2  3  4  5  6  7  8  9 10 11 12 13 |
---------------+----------------------------------------+-----
Unarmed Combat | 4 5 6 7 8 10 11 13 14 15 | 15.1
Fighting       | 3 4 5 6 7 8 9 |  9.7
Dodging        | 3 4 5 6 7 |  7.1
Throwing       | 3 5 6 8 |  8.6
Evocations     | |  0.4

Action                   |  1- 3 |  4- 6 |  7- 9 | 10-12 | 13-15 || total
-------------------------+-------+-------+-------+-------+-------++-------
Melee: Unarmed           |    91 |   128 |   395 |   552 |    61 ||  1227
       Punch             |       |     4 |    11 |    45 |     4 ||    64
Throw: Large rock        |       |       |       |    14 |     7 ||    21
Invok: Burn Spellbooks   |       |       |     1 |     1 |       ||     2
       Berserk           |       |       |       |    11 |     2 ||    13
       Brothers in Arms  |       |       |       |     8 |     1 ||     9
       Trog's Hand       |       |       |       |     5 |     2 ||     7
  Use: Scroll            |       |       |    21 |     6 |     5 ||    32
       Potion            |       |       |     2 |     2 |     3 ||     7
 Stab: Sleeping          |       |       |       |     2 |       ||     2
  Eat: Chunk             |    15 |    10 |    40 |    70 |       ||   135
       Ration            |       |       |       |     1 |     2 ||     3
Armor: Animal skin       |    40 |    70 |   164 |    88 |       ||   362
       Robe              |       |       |       |    28 |    21 ||    49
       Skin              |       |       |       |       |     4 ||     4
Dodge: Dodged            |    47 |    93 |   344 |   469 |    74 ||  1027
